Map: [ESL] Royal Blood

Players

SKillous

  • Race: Protoss Protoss
  • League: Grandmaster
  • Spawn Location: 1:00

ShoWTimE - Winner!

  • Race: Protoss Protoss
  • League: Grandmaster
  • Spawn Location: 7:00

Event: HomeStory Cup XXIII

VOD

Have the link to the VOD?

Description

Time

  • Played on: July 2, 2023, 8:14 a.m.
  • Length: 13:54

All games in this series

Show
View Real Time Build Order
Export as new Build Order

SKillous Protoss 

Build Orders: Phoenix Opening, Zealot Archon 

Get SALT Encoding   

  12  0:00  Probe  
  13  0:12  Probe  
  14  0:17  Pylon  
  14  0:24  Probe  
  15  0:35  Gateway  
  15  0:36  Probe (Chrono Boost)  
  16  0:46  Probe (Chrono Boost), Assimilator  
  17  0:51  Probe (Chrono Boost)  
  17  0:55  Assimilator  
  18  1:03  Probe (Chrono Boost)  
  19  1:08  Gateway  
  19  1:13  Probe (Chrono Boost)  
  19  1:17  Probe (Chrono Boost)  
  21  1:26  Cybernetics Core  
  21  1:29  Probe  
  22  1:35  Pylon  
  22  1:41  Probe  
  23  1:53  Probe  
  24  2:02  Stalker x2  
  24  2:03  Warp Gate  
  24  2:06  Probe  
  29  2:13  Pylon  
  29  2:18  Probe  
  30  2:30  Stargate  
  30  2:31  Probe  
  31  2:53  Nexus  
  31  2:57  Probe  
  33  3:13  Phoenix (Chrono Boost)  
  33  3:15  Shield Battery  
  35  3:20  Shield Battery  
  35  3:23  Probe  
  35  3:29  Phoenix (Chrono Boost)  
  35  3:33  Shield Battery  
  37  3:39  Probe  
  38  3:44  Pylon  
  38  3:51  Probe  
  39  3:56  Pylon  
  39  4:03  Twilight Council  
  39  4:05  Phoenix (Chrono Boost), Probe  
  39  4:08  Pylon  
  42  4:14  Stalker  
  44  4:24  Pylon  
  44  4:25  Phoenix (Chrono Boost)  
  44  4:28  Probe  
  48  4:34  Pylon  
  48  4:35  Stalker  
  49  4:38  Probe  
  49  4:40  Probe  
  51  4:50  Dark Shrine  
  51  4:53  Shield Battery  
  51  4:54  Probe  
  51  4:56  Probe  
  53  5:00  Assimilator  
  53  5:05  Phoenix  
  54  5:09  Probe (Chrono Boost)  
  54  5:11  Pylon  
  56  5:16  Probe (Chrono Boost)  
  56  5:18  Probe (Chrono Boost)  
  56  5:21  Probe (Chrono Boost)  
  57  5:24  Probe  
  57  5:26  Pylon  
  57  5:27  Robotics Facility  
  59  5:31  Probe  
  60  5:38  Phoenix (Chrono Boost)  
  62  5:48  Nexus  
  62  5:52  Probe x2  
  64  5:57  Pylon  
  64  6:02  Charge  
  64  6:04  Probe x2  
  65  6:06  Pylon  
  66  6:11  Phoenix  
  66  6:15  Observer (Chrono Boost)  
  66  6:16  Probe  
  70  6:21  Probe  
  70  6:24  Gateway  
  71  6:27  Gateway  
  71  6:28  Probe  
  72  6:33  Probe  
  72  6:37  Immortal  
  75  6:40  Probe  
  75  6:46  Dark Templar, Shield Battery  
  78  6:50  Probe  
  78  6:52  Probe  
  80  6:56  Dark Templar  
  80  7:00  Probe  
  80  7:01  Shield Battery  
  79  7:09  Probe x2  
  79  7:12  Probe  
  81  7:19  Zealot, Dark Templar  
  81  7:20  Immortal (Chrono Boost)  
  89  7:27  Zealot  
  90  7:30  Zealot, Gateway  
  90  7:36  Gateway  
  92  7:40  Gateway  
  92  7:42  Gateway  
  92  7:47  Dark Templar  
  92  7:48  Zealot  
  96  7:51  Archon, Sentry  
  96  7:54  Pylon  
  98  8:00  Zealot  
  98  8:04  Pylon x2  
  100  8:09  Pylon, Warp Prism (Chrono Boost)  
  102  8:15  Zealot x2  
  106  8:21  Dark Templar  
  106  8:22  Dark Templar  
  106  8:26  Archon  
  110  8:33  Forge  
  108  8:37  Zealot x6  
  118  8:51  Pylon  
  118  8:58  Zealot x5  
  125  9:03  Zealot x3  
  125  9:04  Protoss Ground Weapons Level 1 (Chrono Boost)  
  127  9:14  Pylon  
  125  9:19  Dark Templar x2  
  125  9:20  Zealot x3  
  125  9:21  Immortal  
  135  9:24  Archon  
  135  9:25  Zealot x2  
  125  9:39  Zealot  
  112  9:57  Zealot x7  
  125  10:01  Observer  
  107  10:17  Dark Templar  
  107  10:18  Dark Templar x3  
  115  10:23  Nexus, Archon x2  
  115  10:25  Zealot x3  
  114  10:31  Protoss Ground Weapons Level 2 (Chrono Boost)  
  104  10:38  Zealot  
  104  10:42  Pylon  
  104  10:53  Zealot x6  
  116  10:59  Zealot x2  
  120  11:10  Probe x2  
  113  11:24  Observer (Chrono Boost)  
  112  11:28  Zealot x2  
  112  11:29  Zealot x6  
  127  11:37  Probe (Chrono Boost), Immortal (Chrono Boost)  
  130  11:40  Probe x2 (Chrono Boost)  
  127  11:53  Probe x2 (Chrono Boost), Zealot x5  
  134  11:58  Zealot x2  
  128  12:09  Zealot  
  134  12:17  Warp Prism (Chrono Boost)  
  120  12:30  Zealot x8  
  120  12:36  Pylon  
  120  12:37  Pylon  
  132  12:48  Immortal (Chrono Boost)  
  82  13:09  Dark Templar  
  74  13:13  Dark Templar x5  
  68  13:27  Dark Templar  
  68  13:28  Dark Templar  
  65  13:47  Zealot  
Show
View Real Time Build Order
Export as new Build Order

ShoWTimE Protoss - Winner!

Build Orders:  

Get SALT Encoding   

  12  0:00  Probe  
  13  0:12  Probe  
  14  0:17  Pylon  
  14  0:24  Probe (Chrono Boost)  
  15  0:36  Probe (Chrono Boost), Gateway  
  16  0:44  Probe (Chrono Boost)  
  16  0:46  Assimilator  
  17  0:50  Probe  
  18  0:59  Assimilator  
  18  1:03  Probe (Chrono Boost)  
  19  1:08  Gateway  
  20  1:12  Probe (Chrono Boost)  
  20  1:17  Probe (Chrono Boost)  
  20  1:24  Cybernetics Core  
  21  1:29  Probe  
  22  1:36  Pylon  
  22  1:41  Probe  
  23  1:54  Probe  
  23  1:58  Warp Gate (Chrono Boost)  
  23  2:00  Adept  
  23  2:01  Adept  
  28  2:12  Pylon  
  28  2:28  Pylon  
  28  2:30  Adept  
  28  2:31  Adept  
  32  2:48  Nexus  
  32  3:00  Adept x2  
  36  3:13  Robotics Facility  
  36  3:23  Probe  
  36  3:24  Pylon  
  37  3:41  Adept  
  37  3:42  Adept  
  37  3:44  Probe  
  42  3:56  Probe  
  42  3:57  Warp Prism (Chrono Boost)  
  42  4:02  Probe  
  46  4:10  Probe  
  46  4:14  Probe  
  46  4:15  Twilight Council  
  46  4:29  Probe x2, Observer  
  49  4:31  Stalker  
  49  4:34  Stalker  
  51  4:40  Shield Battery  
  51  4:41  Probe  
  51  4:43  Probe, Blink (Chrono Boost)  
  51  4:55  Probe  
  51  4:56  Probe  
  51  4:59  Observer  
  54  5:02  Stalker  
  56  5:07  Stalker  
  56  5:08  Probe  
  56  5:10  Probe  
  60  5:18  Gateway  
  60  5:20  Probe  
  61  5:25  Gateway  
  61  5:27  Pylon  
  61  5:30  Probe  
  62  5:45  Nexus  
  62  5:48  Pylon  
  58  5:52  Stalker  
  60  5:58  Stalker  
  60  6:02  Probe  
  60  6:03  Probe  
  64  6:07  Assimilator  
  64  6:12  Stalker  
  64  6:16  Stalker  
  64  6:18  Probe x2  
  70  6:21  Observer  
  70  6:22  Stalker x2  
  74  6:27  Pylon  
  74  6:30  Probe  
  74  6:31  Probe  
  76  6:45  Stalker x3  
  76  6:46  Stalker  
  84  6:52  Probe x2  
  86  6:55  Pylon  
  86  7:08  Observer, Stalker x3  
  86  7:13  Probe  
  86  7:14  Stalker  
  93  7:16  Probe (Chrono Boost)  
  93  7:18  Probe (Chrono Boost)  
  93  7:24  Pylon  
  93  7:25  Probe (Chrono Boost)  
  93  7:26  Forge  
  93  7:28  Probe (Chrono Boost)  
  96  7:31  Probe (Chrono Boost)  
  96  7:36  Probe (Chrono Boost), Stalker x2  
  100  7:37  Probe (Chrono Boost)  
  100  7:38  Probe (Chrono Boost)  
  100  7:40  Probe (Chrono Boost)  
  100  7:42  Probe  
  100  7:43  Stalker  
  105  7:45  Probe  
  105  7:46  Stalker  
  105  7:49  Protoss Ground Weapons Level 1 (Chrono Boost)  
  105  7:50  Observer  
  109  7:51  Probe  
  109  7:52  Pylon  
  110  8:02  Stalker x2  
  110  8:04  Pylon  
  114  8:16  Gateway  
  114  8:17  Charge  
  114  8:18  Gateway  
  114  8:20  Gateway  
  114  8:23  Shield Battery  
  114  8:28  Stalker x4  
  121  8:42  Assimilator  
  121  8:50  Nexus  
  121  8:52  Stalker x4  
  120  9:11  Stalker  
  120  9:14  Gateway  
  120  9:17  Stalker x4  
  124  9:20  Pylon  
  124  9:24  Pylon  
  130  9:25  Zealot  
  130  9:31  Stalker  
  128  9:41  Stalker x4  
  118  9:53  Zealot x2  
  118  9:54  Nexus  
  118  9:59  Probe  
  118  10:00  Probe x2, Shield Battery  
  118  10:02  Shield Battery  
  113  10:09  Stalker x5  
  113  10:11  Protoss Ground Weapons Level 2 (Chrono Boost)  
  113  10:13  Probe  
  120  10:17  Pylon  
  120  10:18  Probe  
  121  10:26  Observer  
  115  10:37  Zealot x2, Stalker x4  
  115  10:38  Zealot  
  115  10:40  Probe x3  
  115  10:41  Shield Battery  
  128  10:52  Probe x2  
  130  10:57  Stalker, Photon Cannon  
  130  10:58  Stalker x3  
  130  11:03  Zealot x2  
  142  11:21  Stalker x5  
  142  11:24  Pylon  
  142  11:25  Probe x2, Shield Battery  
  150  11:36  Pylon  
  150  11:38  Stalker x2  
  150  11:39  Stalker  
  146  11:49  Gateway  
  146  11:50  Zealot, Stalker x4  
  152  12:08  Stalker x2  
  152  12:09  Stalker  
  152  12:10  Nexus  
  152  12:13  Probe x3, Pylon  
  152  12:14  Probe  
  162  12:19  Zealot x2  
  162  12:20  Zealot x2  
  168  12:25  Probe  
  168  12:28  Zealot  
  163  12:30  Photon Cannon  
  163  12:34  Stalker x3  
  163  12:44  Zealot x2  
  163  12:45  Zealot x3  
  173  12:56  Stalker  
  164  12:59  Nexus, Zealot x3  
  164  13:00  Pylon  
  162  13:07  Zealot x3  
  160  13:15  Zealot x2  
  161  13:22  Observer (Chrono Boost)  
  160  13:27  Photon Cannon  
  160  13:32  Pylon  
  160  13:34  Pylon  
  160  13:37  Pylon  
Tags
 
Add a new tag
Caveats
  • Supply blocks, unpowered buildings, or Contaminate may cause inaccurate times.
  • Supply counts are checked every 10 seconds.